 Dungeon Crawl Stone Soup version 0.27.1 (webtiles) character file.

Game seed: 11318438103290177101

52 Malachi the Skirmisher (level 3, 0/29 HPs)
             Began as a Vampire Fighter on Aug 24, 2021.
             Slain by a hobgoblin (2 damage)
             ... on level 2 of the Dungeon.
             The game lasted 00:00:53 (904 turns).

Malachi the Skirmisher (Vampire Fighter)             Turns: 904, Time: 00:00:53

Health: 0/29       AC:  6    Str: 15    XL:     3   Next: 60%
Magic:  3/3        EV:  6    Int: 10    God:
Gold:   55         SH:  9    Dex: 14    Spells: 2/2 levels left

rFire    . . .     SeeInvis +   a - +0 long sword
rCold    . . .     Faith    .   c - +0 kite shield
rNeg     . . .     Spirit   .   b - +0 scale mail
rPois    .         Reflect  .   (no helmet)
rElec    .         Harm     .   (no cloak)
rCorr    .         Rampage  .   (no gloves)
Will     .....                  (no boots)
Stlth    ..........             (no amulet)
HPRegen  0.29/turn              (no ring)
MPRegen  0.08/turn              (no ring)

@: healing quickly
A: alive, fangs 3, see invisible, vampiric 2
a: Exsanguinate


You were on level 2 of the Dungeon.
You visited 1 branch of the dungeon, and saw 2 of its levels.

You collected 55 gold pieces.

Inventory:

Hand Weapons
 a - a +0 long sword (weapon)
 g - a +1 dagger of venom
Armour
 b - a +0 scale mail (worn)
 c - a +0 kite shield (worn)
Scrolls
 h - a scroll of identify {unknown}
Potions
 d - a potion of might
 e - a potion of degeneration {unknown}
 f - a potion of lignification {unknown}


   Skills:
 + Level 3.0 Fighting
 + Level 2.7 Long Blades
 + Level 2.9 Armour
 + Level 0.1 Dodging
 * Level 3.0 Shields


You had 2 spell levels left.
You didn't know any spells.
Your spell library was empty.

Dungeon Overview and Level Annotations

Branches:
Dungeon (2/15)

Altars:


Innate Abilities, Weirdness & Mutations

Your natural rate of healing is accelerated.
You have razor-sharp teeth.
You have supernaturally acute eyesight. (SInv)
You are afflicted with vampirism and can become a bat while bloodless.


Message History

You feel sick. The adder bites you but does no damage. The adder bites you.
You are more poisoned.
The adder poisons you!
You closely miss the adder.
The adder is moderately wounded.
You feel sick. You block the adder's attack.
A hobgoblin comes into view. It is wielding a +2 spear of flaming.
The hobgoblin shouts!
You hit the adder.
The adder is severely wounded.
You feel sick. You block the adder's attack.
The adder bites you but does no damage.
Unknown command.
You barely miss the adder.
The adder is severely wounded.
You feel sick. The adder bites you but does no damage.
The adder barely misses you.
You slash the adder!
You kill the adder!
You feel sick.
Unknown command.
You feel sick.
You are no longer poisoned.
You block the hobgoblin's attack.
Unknown command.
A goblin comes into view. It is wielding a +0 dagger.
You block the hobgoblin's attack.
You closely miss the hobgoblin.
The goblin shouts!
The hobgoblin hits you with a +2 spear of flaming.
The hobgoblin burns you.
The hobgoblin hits you with a +2 spear of flaming.
The hobgoblin burns you.
* * * LOW HITPOINT WARNING * * *
You closely miss the hobgoblin. You block the hobgoblin's attack.
You closely miss the hobgoblin.
The hobgoblin hits you with a +2 spear of flaming.
* * * LOW HITPOINT WARNING * * *
The hobgoblin burns you.
You die...

# #..# # #. #.## .###
#.# ..# #.# #.# #.#
########)## #.##
#....)....# #..##
##.#...#...#######...##
+....(@...........<....
##.#.g.....######.#..##
# ##..#.#.# #...#...#
#..#.#.# #.#####.#
#g.#.#.# #...#...#
.......# ###.#.### #.##
### #...# #. ###.#
#####.###


You could see a hobgoblin and a goblin.

Vanquished Creatures
  2 adders (D:2)
  A worm (D:2)
  4 endoplasms
  A giant cockroach (D:1)
  4 goblins
  A hobgoblin (D:1)
  3 jackals (D:1)
  4 kobolds
  2 quokkas (D:1)
  2 ball pythons
  3 frilled lizards
  3 rats (D:1)
30 creatures vanquished.

Notes
Turn   | Place    | Note
-------+----------+-------------------------------------------
     0 | D:1      | Malachi the Vampire Fighter began the quest for the Orb.
     0 | D:1      | Reached XP level 1. HP: 17/17 MP: 1/1
    82 | D:1      | Reached XP level 2. HP: 19/23 MP: 2/2
   565 | D:2      | Gained mutation: You are afflicted with vampirism and can
                  | become a bat while bloodless. [Vampire growth]
   565 | D:2      | Reached XP level 3. HP: 29/29 MP: 3/3
   904 | D:2      | Slain by a hobgoblin

Illustrated notes

Levels and vault maps discovered:
D:1:      psy_arrival_spokes, layout_basic
D:2:      layout_loops_corners, grunt_decor_one_mirror, minmay_vboxes

Skill      XL: |  1  2  3 |
---------------+----------+-----
Fighting       | 3 |  3.0
Shields        | 3 |  3.0
Long Blades    | |  2.7
Armour         | |  2.9
Dodging        | |  0.1

Action                   || total
-------------------------++-------
Melee: Long sword        ||    64
       Bite              ||     8
Armor: Scale mail        ||    37
Dodge: Dodged            ||    24
Block: Kite shield       ||    33
       Rpst.: Long sword ||     8
